 Dungeon Crawl Stone Soup version 0.29-a0-919-gd064cfad1c (webtiles) character file.

Game seed: 13179944756889323996

67 Sabo the Digger (level 4, -3/24 HPs)
             Began as a Gargoyle Earth Elementalist on July 27, 2022.
             Was a Follower of Qazlal.
             Slain by a gnoll
             ... wielding a +0 club
              (6 damage)
             ... on level 2 of the Dungeon.
             The game lasted 00:11:02 (1824 turns).

Sabo the Digger (Gargoyle Earth Elementalist)       Turns: 1824, Time: 00:11:03

Health: -3/24      AC:  5    Str: 11    XL:     4   Next: 18%
Magic:  0/8        EV: 12    Int: 18    God:    Qazlal [*.....]
Gold:   84         SH:  1    Dex: 10    Spells: 7/8 levels left

rFire   . . .      SeeInvis .   l - +1 whip (pain)
rCold   . . .      Faith    .   (no shield)
rNeg    + . .      Spirit   .   a - +0 robe
rPois   ∞          Reflect  .   (no helmet)
rElec   +          Harm     .   (no cloak)
rCorr   .          Rampage  .   (no gloves)
Will    .....                   (no boots)
Stlth   ++........              c - amulet of the acrobat
HPRegen 0.08/turn               (no ring)
MPRegen 0.11/turn               (no ring)

@: no status effects
A: sickness immunity, AC +3, negative energy resistance 1, electricity
resistance, torment resistance 1, petrification resistance
a: Renounce Religion


You were on level 2 of the Dungeon.
You worshipped Qazlal.
Qazlal was aware of your devotion.
You visited 1 branch of the dungeon, and saw 2 of its levels.

You collected 84 gold pieces.

Inventory:

Hand Weapons
 e - a +0 hand axe
 f - a +0 flail
 l - a +1 whip of pain (weapon)
Armour
 a - a +0 robe (worn)
Jewellery
 c - an amulet of the acrobat (around neck)
Scrolls
 g - a scroll of silence {unknown}
 h - a scroll of teleportation {unknown}
 i - a scroll of magic mapping {unknown}
Potions
 b - a potion of magic
 d - a potion of invisibility {unknown}
 j - a potion of mutation {unknown}
 k - a potion of attraction {unknown}


   Skills:
 + Level 0.3 Axes
 + Level 1.6 Dodging
 + Level 2.8 Stealth
 + Level 2.7 Spellcasting
 + Level 1.0 Transmutations
 + Level 4.6 Earth Magic


You had 7 spell levels left.
You knew the following spells:

 Your Spells              Type           Power      Damage    Failure   Level
a - Sandblast             Erth           38%        2d10      2%          1

Your spell library contained the following spells:

 Spells                   Type           Power      Damage    Failure   Level
 Passwall                 Tmut/Erth      10%        N/A       8%          2
 Stone Arrow              Conj/Erth      20%        3d8       19%         3
 Petrify                  Tmut/Erth      12%        N/A       45%         4


Dungeon Overview and Level Annotations

Branches:
Dungeon (2/15)

Altars:
Nemelex Xobeh
Qazlal


Innate Abilities, Weirdness & Mutations

You are immune to sickness and miasma.
Your stone body is resilient. (AC +3)
You are immune to poison.
You resist negative energy. (rN+)
You are resistant to electric shocks. (rElec)
You are resistant to unholy torment.
You are immune to petrification.


Message History

Aim: a gnoll, wielding a +0 spear (84% to hit)
The blast of sand misses the gnoll.
The blast of sand hits the adder.
The adder is severely wounded.
The gnoll hits you from afar with a +0 spear.
* * * LOW HITPOINT WARNING * * *
The gnoll completely misses you.
Casting: Sandblast (safe; 3% risk of failure)
Confirm with . or Enter, or press ? or * to list all spells.
Aiming: Sandblast (safe; 3% risk of failure)
Press: ? - help, Shift-Dir - straight line, f/p - gnoll
Aim: a gnoll, wielding a +0 spear (84% to hit)
The blast of sand hits the gnoll!
You kill the gnoll!
Qazlal accepts your kill. The adder bites you but does no damage.
You have reached level 4!
You feel clever.
Casting: Sandblast (safe; 2% risk of failure)
Confirm with . or Enter, or press ? or * to list all spells.
Aiming: Sandblast (safe; 2% risk of failure)
Press: ? - help, Shift-Dir - straight line, f - adder
Aim: an adder (severely wounded, 70% to hit)
The blast of sand misses the adder.
The blast of sand hits the gnoll.
The gnoll is moderately wounded.
The adder bites you.
* * * LOW HITPOINT WARNING * * *
The adder barely misses you. The adder bites you but does no damage.
You miss the adder.
The adder is heavily wounded.
The adder barely misses you.
You miss the adder.
The adder is heavily wounded.
The adder bites you but does no damage.
You hit the adder.
You kill the adder!
Qazlal accepts your kill.
You hit the gnoll.
The gnoll is heavily wounded.
The gnoll hits you with a +0 club.
You die...

†### ...# #. .# .#.######. ..
. # ##........ #. .# .#
.....##... .##. ... .#####
... .... .# #.##..S..
#####################........
.†..............@gg..........
.#######################g....
## ... .


You could see a gnoll and a goblin.

Vanquished Creatures
  2 adders (D:2)
  3 gnolls (D:2)
  A dart slug (D:2)
  3 bats
  2 endoplasms (D:1)
  A giant cockroach (D:1)
  A goblin (D:1)
  3 hobgoblins (D:1)
  A quokka (D:1)
  2 frilled lizards (D:1)
  3 kobolds (D:1)
  A rat (D:1)
23 creatures vanquished.

Notes
Turn   | Place    | Note
-------+----------+-------------------------------------------
     0 | D:1      | Sabo the Gargoyle Earth Elementalist began the quest for
                  | the Orb.
     0 | D:1      | Reached XP level 1. HP: 10/10 MP: 3/3
   190 | D:1      | Reached skill level 4 in Earth Magic
   310 | D:1      | Reached XP level 2. HP: 15/15 MP: 3/5
   734 | D:1      | Found a faded altar of an unknown god.
   770 | D:1      | Prayed at the altar of an unknown god.
   770 | D:1      | Became a worshipper of Qazlal Stormbringer
   770 | D:1      | Reached * piety under Qazlal
  1542 | D:2      | Reached skill level 1 in Transmutations
  1561 | D:2      | Found a sparkling altar of Nemelex Xobeh.
  1765 | D:2      | Reached XP level 3. HP: 19/19 MP: 4/6
  1820 | D:2      | Reached XP level 4. HP: 3/24 MP: 1/8
  1824 | D:2      | Slain by a gnoll

Illustrated notes

Levels and vault maps discovered:
D:1:      scummos_arrival_gate, layout_basic,
          shapermc_ecumenical_altar_notcrosses
D:2:      layout_rooms, basic_altar

Skill      XL: |  1  2 |
---------------+-------+-----
Earth Magic    | 4 |  4.6
Transmutations | 1 |  1.0
Axes           | |  0.3
Dodging        | |  1.6
Stealth        | |  2.8
Spellcasting   | |  2.7

Action                   |  1- 3 |  4- 6 || total
-------------------------+-------+-------++-------
Melee: Hand axe          |     5 |       ||     5
       Flail             |     4 |       ||     4
       Whip              |     1 |     4 ||     5
 Cast: Sandblast         |    27 |     1 ||    28
Armor: Robe              |     2 |     2 ||     4
Dodge: Dodged            |    18 |     2 ||    20
Block: Other             |     1 |       ||     1

Table legend: (Time is in decaauts)
 A = Elapsed time spent in this place.
 B = Non-inter-level travel time spent in this place.
 C = Inter-level travel time spent in this place.
 D = Time resting spent in this place.
 E = Time spent auto-exploring this place.
 F = Levels seen in this place.
 G = Mean time per level.
                   A        B        C        D        E       F      G
               +--------+--------+--------+--------+--------+-----+--------+
         Total |   1853 |   1853 |      0 |    607 |      0 |   2 |  926.5 |
       Dungeon |   1853 |   1853 |      0 |    607 |      0 |   2 |  926.5 |
               +--------+--------+--------+--------+--------+-----+--------+

Top non-repeatable levels by time:
     D:1: 1555 daAuts
     D:2: 298 daAuts
